 Dungeon Crawl Stone Soup version 0.28.0-43-g3370ac3207 (webtiles) character file.

Game seed: 1029433540372910819

40 issech the Cudgeller (level 3, 0/36 HPs)
             Began as a Troll Monk on Mar 27, 2022.
             Killed by divine providence
             ... invoked by an orc priest
              (11 damage)
             ... on level 2 of the Dungeon.
             The game lasted 00:02:40 (748 turns).

issech the Cudgeller (Troll Monk)                    Turns: 748, Time: 00:02:40

Health: 0/36       AC:  4    Str: 19    XL:     3   Next: 30%
Magic:  2/2        EV: 10    Int:  6    God:
Gold:   50         SH:  0    Dex: 14    Spells: 2/2 levels left

rFire   . . .      SeeInvis .   a - +0 mace
rCold   . . .      Faith    .   (no shield)
rNeg    . . .      Spirit   .   b - +0 robe
rPois   .          Reflect  .   (helmet restricted)
rElec   .          Harm     .   (no cloak)
rCorr   .          Rampage  .   (gloves unavailable)
Will    .....                   (boots unavailable)
Stlth   ++........              (no amulet)
HPRegen 0.92/turn               (no ring)
MPRegen 0.08/turn               (no ring)

@: no status effects
A: large, unfitting armour, claws 3, regeneration 1, shaggy fur 1, tough skin 1
a: no special abilities


You were on level 2 of the Dungeon.
You visited 1 branch of the dungeon, and saw 2 of its levels.

You collected 50 gold pieces.

Inventory:

Hand Weapons
 a - a +0 mace (weapon)
 e - a +0 hunting sling
Missiles
 g - 41 arrows
 i - 16 stones (quivered)
Armour
 b - a +0 robe (worn)
Jewellery
 j - a ring of ice
Scrolls
 d - a scroll of identify {unknown}
Potions
 c - a potion of invisibility {unknown}
 f - a potion of attraction {unknown}
 h - a potion of resistance {unknown}


   Skills:
 + Level 2.7 Fighting
 + Level 3.2 Maces & Flails
 + Level 2.7 Dodging
 + Level 1.2 Stealth


You had 2 spell levels left.
You didn't know any spells.
Your spell library contained the following spells:

 Spells                   Type           Power      Damage    Failure   Level
 Corpse Rot               Necr/Air       0%         N/A       58%         2
 Poisonous Vapours        Pois/Air       0%         N/A       58%         2
 Dazzling Flash           Conj/Hex       0%         N/A       83%         3
 Agony                    Necr           0%         N/A       100%        5
 Silence                  Hex/Air        0%         N/A       100%        5


Dungeon Overview and Level Annotations

Branches:
Dungeon (2/15)

Altars:

Shops:
D:1 [


Innate Abilities, Weirdness & Mutations

You are too large for most types of armour.
You have claws for hands.
Your natural rate of healing is unusually fast.
You are covered in fur. (AC +1)
You have tough skin. (AC +1)


Message History

You closely miss the orc.
The orc is severely wounded.
You closely miss the orc. The orc hits you with a +0 short sword.
You hit the orc but do no damage. The orc hits you with a +0 short sword.
You barely miss the orc. The orc barely misses you.
You closely miss the orc. The orc barely misses you.
You barely miss the orc. You claw the orc!
You kill the orc!
The orc barely misses you.
You closely miss the orc.
The orc is severely wounded.
The orc priest calls down the wrath of Beogh upon you.
Beogh smites you! The orc completely misses you.
You hit the orc.
The orc is almost dead.
The orc hits you but does no damage.
You hit the orc but do no damage.
The orc is almost dead.
The orc closely misses you.
You hit the orc.
You kill the orc!
The orc priest mumbles some strange prayers to Beogh against you.
Beogh smites you!
You closely miss the orc. The orc hits you with a +0 mace.
* * * LOW HITPOINT WARNING * * *
You hit the orc.
The orc is almost dead.
The orc closely misses you. The orc barely misses you.
You hit the orc.
You kill the orc!
The orc hits you with a +0 dagger.
* * * LOW HITPOINT WARNING * * *
You thump the orc!
You kill the orc!
You hit the orc priest.
The orc priest is moderately wounded.
The orc priest hits you with a +0 club.
The orc priest calls down the wrath of Beogh upon you.
Beogh smites you!
You die...

. ......######## #.#..........#
#.#.......<#.# #.###.######.# ...
.......># #.#..........# ######
#o#.##..###..# #.# #...[#
#@#.###.# #..#
#.######....###.#.# .. #..#
#.#...........#.#.# #.##..#
#.#.####....#.#.#.# #..#..#
#.#.#####.###.#.#.#####.#..#####
#.#.#.........#.................
##.#.#.###########.######..######
...†.......................#
.....#.............#####...#


You could see an orc priest.

Vanquished Creatures
  A dart slug (D:2)
  4 orcs (D:2)
  6 bats
  3 endoplasms (D:1)
  A giant cockroach (D:2)
  A goblin (D:1)
  6 hobgoblins (D:1)
  A kobold (D:1)
  2 ball pythons
  3 frilled lizards
  6 rats
34 creatures vanquished.

Notes
Turn   | Place    | Note
-------+----------+-------------------------------------------
     0 | D:1      | issech the Troll Monk began the quest for the Orb.
     0 | D:1      | Reached XP level 1. HP: 22/22 MP: 0/0
   132 | D:1      | Reached XP level 2. HP: 29/29 MP: 1/1
   152 | D:1      | Reached skill level 3 in Maces & Flails
   191 | D:1      | Found Fuut's Armour Shop.
   353 | D:1      | Found a faded altar of an unknown god.
   638 | D:2      | Reached XP level 3. HP: 34/36 MP: 2/2
   748 | D:2      | Killed from afar by an orc priest

Illustrated notes

Levels and vault maps discovered:
D:1:      psy_arrival_basics, layout_rooms, serial_shops, nicolae_shop_crystal,
          hellmonk_ecumenical_altar_run_dry, hex_large, minmay_pentomino_w2
D:2:      layout_basic, basic_altar, nicolae_concentric_dashed_squares_wild

Skill      XL: |  1  2 |
---------------+-------+-----
Maces & Flails | 3 |  3.2
Fighting       | |  2.7
Dodging        | |  2.7
Stealth        | |  1.2

Action                   || total
-------------------------++-------
Melee: Mace              ||    96
       Punch             ||     2
Armor: Robe              ||    44
Dodge: Dodged            ||    75
